 Dungeon Crawl Stone Soup version 0.30-a0-457-g4b7bca3bfa (webtiles) character file.

Game seed: 13153045916696948718

28 ytrimaz the Caller (level 3, -4/19 HPs)
             Began as a Deep Elf Summoner on Dec 13, 2022.
             Slain by an orc
             ... wielding a +0 club
              (5 damage)
             ... on level 2 of the Dungeon.
             The game lasted 00:02:34 (1063 turns).

ytrimaz the Caller (Deep Elf Summoner)              Turns: 1063, Time: 00:02:35

Health: -4/19      AC:  3    Str:  5    XL:     3   Next: 0%
Magic:  3/10       EV: 13    Int: 21    God:
Gold:   43         SH:  0    Dex: 15    Spells: 3/9 levels left

rFire   . . .      SeeInvis .    f - +2 dagger (speed)
rCold   . . .      Faith    .    (no shield)
rNeg    . . .      Spirit   .    a - +0 robe
rPois   .          Reflect  .    (no helmet)
rElec   .          Harm     .    m - +0 cloak
rCorr   .          Rampage  .    (no gloves)
Will    .....                    (no boots)
Stlth   ++........               (no amulet)
HPRegen 0.23/turn                (no ring)
MPRegen 0.12/turn                (no ring)

@: no status effects
A: no striking features
a: no special abilities


You were on level 2 of the Dungeon.
You visited 1 branch of the dungeon, and saw 2 of its levels.

You collected 43 gold pieces.


   Skills:
 + Level 3.2 Dodging
 - Level 2.4 Stealth
 + Level 3.7 Spellcasting
 + Level 4.7 Summonings


You had 3 spell levels left.
You knew the following spells:

 Your Spells              Type           Power      Damage    Failure   Level
a - Summon Small Mammal   Summ           92%        N/A       1%          1
b - Call Imp              Summ           23%        N/A       2%          2
c - Call Canine Familiar  Summ           23%        N/A       5%          3

Your spell library contained the following spells:

 Spells                   Type           Power      Damage    Failure   Level
 Summon Guardian Golem    Hex/Summ       13%        N/A       14%         3
 Summon Lightning Spire   Summ/Air       13%        N/A       43%         4

Inventory:

Hand Weapons
 f - a +2 dagger of speed (weapon)
   (You took it off a goblin on level 1 of the Dungeon)
Armour
 a - a +0 robe (worn)
 m - a +0 cloak (worn)
   (You found it on level 2 of the Dungeon)
Scrolls
 d - 2 scrolls of enchant armour {unknown}
 e - a scroll of identify {unknown}
 g - a scroll of amnesia {unknown}
 i - a scroll of blinking {unknown}
 j - a scroll of immolation {unknown}
Potions
 b - a potion of magic
 c - a potion of curing {unknown}
 h - a potion of flight {unknown}
 k - a potion of brilliance {unknown}
 l - a potion of cancellation {unknown}
 n - a potion of invisibility {unknown}

Dungeon Overview and Level Annotations

Branches:
Dungeon (2/15) Zot: 10939

Altars:
Vehumet

Annotations:
D:1 2 transporters

#.# #.# ######.#+####
#...........# ###
#...........#
⌠###8###8###...........#
...or......#...........#
...5.o)..o@............####
.........+..h...#......†...
.........######.###.#######
#.######## #.# #.#.....# #
#.# #.#.###.# #.# #.#.# #.#
#######.# #.#.# #.#
####....##.###.#r###.#
.............†.....>.#


You could see an orc priest (ally target), an orc wizard, an orc (ally target),
a friendly hound (summoned), a friendly crimson imp (summoned) and a friendly
quokka (summoned).


Message History

Confirm with . or Enter, or press ? or * to list all spells.
The bat hits your quokka. 😎 MP[-1]
You lost 1 mp, and now have 7/8 mp.
Unknown command.
Casting: Summon Small Mammal (safe; 1% risk of failure)
Confirm with . or Enter, or press ? or * to list all spells.
The bat hits your quokka but does no damage. 😎 MP[-1]
You lost 1 mp, and now have 6/8 mp.
Unknown command.
An orc and an orc priest come into view.
The bat barely misses your quokka.
Your quokka bites the bat.
The bat dies!
You have reached level 3!
Your experience leads to an increase in your attributes!
Increase (S)trength, (I)ntelligence, or (D)exterity?
You feel clever. x2 😎 HP[+4] MP[+1]
You now have 19 max hp (+4).
Your hp is fully restored (19).
Casting: Summon Small Mammal (safe; 1% risk of failure)
Confirm with . or Enter, or press ? or * to list all spells.
A beastly little devil appears in a puff of flame. 😎 MP[-2]
You lost 2 mp, and now have 5/10 mp.
Unknown command.
What are your orders? t - Shout!
Orders for allies: a - Attack new target. r - Retreat! s - Stop attacking. g - Guard the area. f - Follow me.
Anything else - Cancel.
Gang up on whom?
Press: ? - help, Dir - move target, f - orc priest
Aim: an orc priest, wielding a +0 dagger and wearing a +0 ring mail (asleep, ally target) Attack!
Unknown command.
There are no items here.
The orc priest shouts!
The orc shouts!
An orc wizard comes into view.
It is wielding a +2 dagger of holy wrath.
Your quokka bites the orc priest but does no damage.
An orc comes into view. It is wielding a +0 flail.
The orc priest looks satisfied for a moment.
Your quokka bites the orc priest.
Your crimson imp blinks!
The orc priest hits your quokka but does no damage.
The orc wizard gestures at you while chanting.
The magic dart hits you.
Your quokka bites the orc priest.
Your crimson imp hits the orc. 😮 HP[-6] MP[+1]
You take 6 damage, and now have 13/19 hp.
MASSIVE DAMAGE!! (PAUSE)
The orc priest misses your quokka.
Your quokka bites the orc priest.
Your quokka bites the orc wizard.
Unknown command.
The orc wizard barely misses your quokka.
Your quokka bites the orc priest but does no damage.
Your quokka closely misses the orc priest.
This spell is quite dangerous to cast!
Memorise Call Canine Familiar, consuming 3 spell levels and leaving 3?
Your quokka bites the orc priest.
The orc priest casts a cantrip, but nothing happens.
The orc wizard hits your quokka with a +2 dagger of holy wrath.
Your quokka bites the orc wizard but does no damage.
Your quokka closely misses the orc priest.
Your crimson imp hits the orc wizard but does no damage.
You start memorising the spell.
You continue memorising.
The orc priest hits your quokka with a +0 dagger.
The orc wizard hits your quokka with a +2 dagger of holy wrath.
Your quokka dies!
Your quokka's corpse disappears in a puff of smoke!
Something closely misses your crimson imp.
Your quokka bites the orc priest but does no damage.
Your crimson imp hits the orc wizard.
You continue memorising.
The orc priest calls upon Beogh to heal the orc wizard.
The orc wizard is healed somewhat.
Something hits your crimson imp but does no damage.
Your quokka bites the orc priest.
You continue memorising.
The orc priest barely misses your quokka.
Something barely misses your crimson imp.
The orc closely misses you.
Your quokka barely misses the orc priest.
Your crimson imp hits the orc priest.
You finish memorising.
Spell assigned to 'c'.
Unknown command. 😮 HP[+1] Unknown command.
Casting: Call Imp (safe; 2% risk of failure)
Confirm with . or Enter, or press ? or * to list all spells.
The spell is quite dangerous to miscast (5% risk of failure)!
Continue anyway?
Your quokka barely misses the orc priest.
Something hits your crimson imp.
The orc priest invokes the aid of Beogh against you.
Beogh smites you!
Ouch! That really hurt!
* * * LOW HITPOINT WARNING * * *
The orc hits you with a +0 club.
You die...

Skill      XL: |  1  2 |
---------------+-------+-----
Dodging        | 3 |  3.2
Stealth        | |  2.4
Spellcasting   | |  3.7
Summonings     | |  4.7

Action                   || total
-------------------------++-------
Melee: Dagger            ||    22
 Cast: Summon Small Mamm ||    24
       Call Imp          ||     5
       Call Canine Famil ||     1
 Stab: Distracted        ||     1
Armor: Robe              ||     8
Dodge: Dodged            ||    31

Levels and vault maps discovered:
D:1:      spicycebolla_arrival_transporter_tutorial, layout_basic,
          nicolae_concentric_dashed_squares_wild
D:2:      layout_basic, serial_corexii_hall, corexii_hall_statues_u,
          chequers_hall_statues_wall_a, corexii_hall_statues_s,
          chequers_hall_statues_corner_a, basic_altar,
          hangedman_abyss_or_decor_stabs, minmay_pentomino_pile

Notes
Turn   | Place    | Note
-------+----------+-------------------------------------------
     0 | D:1      | ytrimaz the Deep Elf Summoner began the quest for the Orb.
     0 | D:1      | Reached XP level 1. HP: 10/10 MP: 6/6
     0 | D:1      | magus.rc [v1.9.6]
   272 | D:1      | Reached XP level 2. HP: 15/15 MP: 6/8
   332 | D:1      | Learned a level 2 spell: Call Imp
   361 | D:1      | Reached skill level 3 in Dodging
   818 | D:2      | Found a radiant altar of Vehumet.
  1051 | D:2      | Reached XP level 3. HP: 19/19 MP: 7/10
  1063 | D:2      | Learned a level 3 spell: Call Canine Familiar
  1063 | D:2      | HP: 1/19 [orc priest/divine providence (13)]
  1063 | D:2      | Slain by an orc

Vanquished Creatures
  A bat (D:1)
  2 goblins (D:1)
  A hobgoblin (D:2)
  A jackal (D:1)
5 creatures vanquished.

Vanquished Creatures (collateral kills)
  A dart slug (D:1)
  3 bats
  2 endoplasms (D:1)
  A giant cockroach (D:2)
  2 goblins (D:1)
  A hobgoblin (D:1)
  3 jackals (D:1)
  A frilled lizard (D:1)
  3 rats
17 creatures vanquished.

Grand Total: 22 creatures vanquished

Table legend:
 A = Non-vault XP
 B = Vault XP
 C = Vault XP percentage of total XP
 D = Non-vault monster count
 E = Vault monster count
 F = Vault count percentage of total count
                 A         B        C        D         E       F
            +---------+---------+-------+---------+---------+-------
      Total |      41 |       0 |   0.0 |      22 |       0 |   0.0
            +---------+---------+-------+---------+---------+-------
        D:1 |      33 |       0 |   0.0 |      17 |       0 |   0.0
        D:2 |       8 |       0 |   0.0 |       5 |       0 |   0.0
            +---------+---------+-------+---------+---------+-------

Illustrated notes

Table legend:
 A = Kills in this place as a percentage of kills in entire the game.
 B = Kills by you in this place as a percentage of kills by you in the entire game.
 C = Kills by friends in this place as a percentage of kills by friends in the entire game.
 D = Other kills in this place as a percentage of other kills in the entire game.
 E = Experience gained in this place as a percentage of experience gained in the entire game.
 F = Experience gained in this place divided by the number of levels of this place that you have seen.
                   A       B       C       D       E      F
               +-------+-------+-------+-------+-------+----------------------
         Total | 100.0 | 100.0 | 100.0 |   N/A | 100.0 |  20.5
       Dungeon | 100.0 | 100.0 | 100.0 |   N/A | 100.0 |  20.5
               +-------+-------+-------+-------+-------+----------------------

Table legend: (Time is in decaauts)
 A = Elapsed time spent in this place.
 B = Non-inter-level travel time spent in this place.
 C = Inter-level travel time spent in this place.
 D = Time resting spent in this place.
 E = Time spent auto-exploring this place.
 F = Levels seen in this place.
 G = Mean time per level.
                   A        B        C        D        E       F      G
               +--------+--------+--------+--------+--------+-----+--------+
         Total |   1059 |   1045 |     14 |      0 |    807 |   2 |  529.5 |
       Dungeon |   1059 |   1045 |     14 |      0 |    807 |   2 |  529.5 |
               +--------+--------+--------+--------+--------+-----+--------+

Top non-repeatable levels by time:
     D:1: 810 daAuts
     D:2: 248 daAuts
